 Dungeon Crawl Stone Soup version 0.24-a0-91-g4e4936a (webtiles) character file.

Game seed: 7051374163737711165

603 ohad the Twirler (level 7, -1/50 HPs)
             Began as a Demonspawn Gladiator on Feb 8, 2019.
             Was an Initiate of Gozag.
             Slain by a wight
             ... wielding a cursed +3 halberd of freezing
              (8 damage)
             ... on level 4 of the Dungeon.
             The game lasted 00:06:13 (3089 turns).

ohad the Twirler (Demonspawn Gladiator)             Turns: 3089, Time: 00:06:14

Health: -1/50      AC:  8    Str: 14    XL:     7   Next: 18%
Magic:  7/7        EV: 10    Int:  9    God:    Gozag
Gold:   479        SH:  0    Dex: 17    Spells: 6/6 levels left

rFire    . . .     SeeInvis .   a - +0 quarterstaff
rCold    . . .     Gourm    .   (shield currently unavailable)
rNeg     . . .     Faith    .   p - +0 scale mail (curse)
rPois    .         Spirit   .   c - +0 helmet
rElec    .         Reflect  .   (no cloak)
rCorr    .         Harm     .   (no gloves)
MR       .....                  k - +0 pair of boots
Stlth    ..........             (no amulet)
HPRegen  0.16/turn              (no ring)
MPRegen  0.10/turn              (no ring)

@: gold aura, drained
A: claws 1, foul stench 1, powered by death 1, rot immunity
a: Potion Petition, Call Merchant, Bribe Branch, Renounce Religion


You were on level 4 of the Dungeon.
You worshipped Gozag.
Gozag was aware of your devotion.
You were not hungry.

You visited 1 branch of the dungeon, and saw 4 of its levels.

You collected 515 gold pieces.
You paid 36 gold pieces to Gozag.

Inventory:

Hand Weapons
 a - a +0 quarterstaff (weapon)
Missiles
 d - 2 throwing nets (quivered)
Armour
 b - a +0 leather armour
 c - a +0 helmet (worn)
 i - a +0 chain mail
 k - a +0 pair of boots (worn)
 p - a cursed +0 scale mail (worn)
Scrolls
 e - a scroll of enchant weapon {unknown}
 h - 4 scrolls of identify {unknown}
 j - 2 scrolls of remove curse {unknown}
 l - 2 scrolls of teleportation {unknown}
 m - a scroll of fear {unknown}
 o - a scroll of fog {unknown}
 s - a scroll of amnesia {unknown}
Potions
 g - a potion of flight {unknown}
 n - a potion of lignification {unknown}
 q - a potion of invisibility {unknown}
 r - a potion of agility {unknown}
 t - a potion of heal wounds {unknown}
Comestibles
 f - 11 rations


   Skills:
 - Level 2.0(1.2) Fighting
 - Level 7.4(6.5) Staves
 - Level 1.7(0.9) Throwing
 - Level 2.6(1.8) Dodging
 + Level 1.4(0.7) Unarmed Combat


You had 6 spell levels left.
You didn't know any spells.
Your spell library was empty.

Dungeon Overview and Level Annotations

Branches:
Dungeon (4/15)
 Temple: D:4-7

Altars:
Gozag
Okawaru


Innate Abilities, Weirdness & Mutations

You have sharp fingernails.
You may emit foul miasma when damaged in melee.
You regenerate a little health from kills.
You are immune to rotting.


Message History

The wight barely misses you.
You closely miss the wight.
The wight is severely damaged.
The wight hits you but does no damage.
You closely miss the wight.
The wight is severely damaged.
The wight barely misses you.
You barely miss the wight.
The wight is severely damaged.
You hit the wight but do no damage.
The wight is severely damaged.
The wight closely misses you.
You hit the wight.
You destroy the wight!
Your base Unarmed Combat skill increases to level 1!
Things that are here:
6 gold pieces; a +4 great sword of freezing; a +0 robe The wight hits you from afar with a cursed +3 halberd of freezing!
You die...
Your body crumbles into a pile of gold.

#....# #.....# #....#
###.#.######
#....##### #.#.#....#
###......# #.#....#
#......#####......#
#......'......###...#
#.....z######z# #####
#........# ##.###
########.###..@<#
#......### #..##.##
#.....### #.......#
#######)# #<# ###


You could see a wight.

Vanquished Creatures
  Menkaure (D:4)
  An ogre (D:4)
  A centaur (D:3)
  A wight (D:4)
  A howler monkey (D:4)
  An orc priest (D:4)
  An orc wizard (D:3)
  3 worker ants (D:4)
  3 adders
  2 oozes
  2 worms
  A leopard gecko (D:2)
  5 orcs
  A ball python (D:3)
  4 bats
  5 giant cockroaches
  15 goblins
  7 hobgoblins
  9 jackals
  A kobold (D:1)
  2 quokkas (D:2)
  4 frilled lizards
  A rat (D:3)
72 creatures vanquished.

Notes
Turn   | Place    | Note
-------+----------+-------------------------------------------
     0 | D:1      | ohad the Demonspawn Gladiator began the quest for the Orb.
     0 | D:1      | Reached XP level 1. HP: 16/16 MP: 1/1
   177 | D:1      | Reached skill level 3 in Staves
   232 | D:1      | Gained mutation: You regenerate a little health from kills.
                  | [demonic ancestry]
   232 | D:1      | Reached XP level 2. HP: 21/22 MP: 2/2
  1160 | D:2      | Found an opulent altar of Gozag.
  1180 | D:2      | Reached XP level 3. HP: 27/27 MP: 3/3
  1190 | D:2      | Became a worshipper of Gozag Ym Sagoz the Greedy
  1209 | D:2      | Reached skill level 4 in Staves
  1709 | D:3      | Gained mutation: You are immune to rotting. [demonic
                  | ancestry]
  1709 | D:3      | Reached XP level 4. HP: 33/33 MP: 4/4
  1780 | D:3      | Found an iron altar of Okawaru.
  1812 | D:3      | Reached skill level 5 in Staves
  1925 | D:3      | Noticed a centaur
  1934 | D:3      | Killed a centaur
  1934 | D:3      | Reached XP level 5. HP: 8/38 MP: 5/5
  2344 | D:4      | Noticed an ogre
  2355 | D:4      | Killed an ogre
  2355 | D:4      | Reached skill level 6 in Staves
  2355 | D:4      | Gained mutation: You may emit foul miasma when damaged in
                  | melee. [demonic ancestry]
  2355 | D:4      | Reached XP level 6. HP: 44/44 MP: 6/6
  2906 | D:4      | Noticed Menkaure
  2927 | D:4      | Killed Menkaure
  2927 | D:4      | Reached skill level 7 in Staves
  2927 | D:4      | Gained mutation: You have sharp fingernails. [demonic
                  | ancestry]
  2927 | D:4      | Reached XP level 7. HP: 50/50 MP: 7/7
  3086 | D:4      | Reached skill level 1 in Unarmed Combat
  3089 | D:4      | Slain by a wight

Levels and vault maps discovered:
D:1:      dpeg_arrival_boxes_within_box, layout_basic, kennysheep_flooded_box,
          kennysheep_minor_cross
D:2:      layout_loops_ring, first_ration, grunt_gozag_statues
D:3:      layout_rooms, chequers_serial_rivers_micro_a,
          okawaru_metal_pillars_1_2
D:4:      layout_basic, uniq_menkaure

Skill      XL: |  1  2  3  4  5  6  7 |
---------------+----------------------+-----
Staves         | 3 4 5 6 7 |  7.4
Unarmed Combat | 1 |  1.4
Fighting       | |  2.0
Throwing       | |  1.7
Dodging        | |  2.6

Action                   |  1- 3 |  4- 6 |  7- 9 || total
-------------------------+-------+-------+-------++-------
Melee: Quarterstaff      |   126 |   136 |    24 ||   286
Throw: Throwing net      |       |     6 |       ||     6
Invok: Potion Petition   |       |     1 |       ||     1
  Use: Potion            |       |     1 |       ||     1
 Stab: Sleeping          |     1 |       |       ||     1
  Eat: Chunk             |     2 |       |       ||     2
       Ration            |       |     2 |       ||     2
Armor: Leather armour    |     8 |       |       ||     8
       Chain mail        |    73 |     3 |       ||    76
       Scale mail        |       |    69 |     9 ||    78
Dodge: Dodged            |    66 |    79 |     7 ||   152

Table legend:
 A = Non-vault XP
 B = Vault XP
 C = Vault XP percentage of total XP
 D = Non-vault monster count
 E = Vault monster count
 F = Vault count percentage of total count
                 A         B        C        D         E       F
            +---------+---------+-------+---------+---------+-------
      Total |     690 |     172 |  20.0 |      71 |       1 |   1.4
            +---------+---------+-------+---------+---------+-------
        D:1 |      33 |       0 |   0.0 |      14 |       0 |   0.0
        D:2 |      61 |       0 |   0.0 |      24 |       0 |   0.0
        D:3 |     196 |       0 |   0.0 |      19 |       0 |   0.0
        D:4 |     400 |     172 |  30.1 |      14 |       1 |   6.7
            +---------+---------+-------+---------+---------+-------
